 Dungeon Crawl Stone Soup version 0.26-a0-1139-g7d2dc893a1 (webtiles) character file.

Game seed: 17964975670971906940

29 Dracia the Sneak (level 3, 0/27 HPs)
             Began as a Demonspawn Wanderer on Dec 22, 2020.
             Slain by a hobgoblin (2 damage)
             ... led by Robin
             ... on level 2 of the Dungeon.
             The game lasted 00:01:15 (1313 turns).

Dracia the Sneak (Demonspawn Wanderer)              Turns: 1313, Time: 00:01:15

Health: 0/27       AC:  6    Str: 13    XL:     3   Next: 1%
Magic:  3/3        EV:  9    Int: 13    God:
Gold:   108        SH:  8    Dex: 12    Spells: 2/2 levels left

rFire    . . .     SeeInvis .   a - +0 falchion
rCold    + . .     Faith    .   b - +0 kite shield
rNeg     . . .     Spirit   .   i - +0 leather armour {rPois}
rPois    +         Reflect  .   (no helmet)
rElec    .         Harm     .   j - +0 cloak
rCorr    .         Rampage  .   (no gloves)
Will     .....                  (no boots)
Stlth    ++........             (no amulet)
HPRegen  0.09/turn              (no ring)
MPRegen  0.08/turn              (no ring)

@: no status effects
A: slimy green scales 1, cold resistance 1
a: no special abilities


You were on level 2 of the Dungeon.
You visited 1 branch of the dungeon, and saw 2 of its levels.

You collected 108 gold pieces.


Innate Abilities, Weirdness & Mutations

You are partially covered in slimy green scales. (AC +2)
Your flesh is cold resistant. (rC+)


   Skills:
 - Level 2.0 Fighting
 - Level 2.0 Long Blades
 + Level 1.6 Dodging
 + Level 3.1 Stealth
 + Level 2.2 Shields


You had 2 spell levels left.
You didn't know any spells.
Your spell library was empty.

Inventory:

Hand Weapons
 a - a +0 falchion (weapon)
 e - a +0 dagger
Armour
 b - a +0 kite shield (worn)
 d - a +0 robe
 i - a +0 leather armour of poison resistance (worn)
 j - a +0 cloak (worn)
Scrolls
 f - 3 scrolls of identify {unknown}
 g - 2 scrolls of remove curse {unknown}
 h - a scroll of fog {unknown}
 k - a scroll of enchant armour {unknown}
 l - a scroll of blinking {unknown}
Potions
 c - a potion of lignification

Dungeon Overview and Level Annotations

Branches:
Dungeon (2/15)

Altars:
Cheibriados

Annotations:
D:2 Robin

## ### . ..# ##
####.####### ###
####...g.......
##.###
.....gggg......
#..... #@# ##.###
#.##g#### .# #.#
#...g...# #.# #<#
#.##.##.# #.# #.# #
#.##.# #.# #.#
#.##.# #.# #.#
..##.# #.# #.#
..####.####.# #.#
.............####.#


You could see Robin, 2 hobgoblins and 4 goblins.


Message History

A goblin comes into view. It is wielding a +0 dagger.
The goblin hits you. The hobgoblin barely misses you.
You riposte.
You barely miss the hobgoblin. The goblin hits you but does no damage.
You hit the hobgoblin.
The hobgoblin is almost dead.
The hobgoblin hits you with a +0 club.
Robin roars a battlecry!
The goblins go into a battle-frenzy!
You block the goblin's attack. The hobgoblin barely misses you.
You riposte.
You hit the hobgoblin.
The hobgoblin is almost dead.
The goblin hits you but does no damage.
The hobgoblin hits you but does no damage.
You closely miss the goblin. The goblin hits you.
* * * LOW HITPOINT WARNING * * *
The hobgoblin hits you.
* * * LOW HITPOINT WARNING * * *
The goblin hits you with a +0 dagger.
* * * LOW HITPOINT WARNING * * *
You block the hobgoblin's attack.
You hit the goblin.
The goblin is severely wounded.
The goblin hits you.
* * * LOW HITPOINT WARNING * * *
The hobgoblin hits you but does no damage.
The goblin hits you with a +0 dagger.
* * * LOW HITPOINT WARNING * * *
The hobgoblin hits you but does no damage.
The hobgoblin hits you.
You die...

Skill      XL: |  1  2 |
---------------+-------+-----
Long Blades    | 2 |  2.0
Shields        | 2 |  2.2
Stealth        | 3 |  3.1
Fighting       | |  2.0
Dodging        | |  1.6

Action                   || total
-------------------------++-------
Melee: Falchion          ||    65
 Stab: Sleeping          ||     1
Armor: Robe              ||    11
       Leather armour    ||    16
Dodge: Dodged            ||    25
Block: Kite shield       ||    38
       Rpst.: Falchion   ||     8

Levels and vault maps discovered:
D:1:      roderic_chinese_lattice_arrival, layout_rooms,
          wad_floor_pattern_untrapped, cheibriados_altar_1
D:2:      layout_loops_ring, uniq_robin

Notes
Turn   | Place    | Note
-------+----------+-------------------------------------------
     0 | D:1      | Dracia the Demonspawn Wanderer began the quest for the Orb.
     0 | D:1      | Dracia set off with the following items: a +0 falchion, a
                  | +0 kite shield, a potion of lignification, a +0 robe, a +0
                  | dagger
     0 | D:1      | Reached XP level 1. HP: 16/16 MP: 1/1
   356 | D:1      | Reached skill level 2 in Long Blades
   356 | D:1      | Reached skill level 2 in Shields
   509 | D:1      | Gained mutation: You are partially covered in slimy green
                  | scales. (AC +2) [demonic ancestry]
   509 | D:1      | Reached XP level 2. HP: 16/22 MP: 2/2
   738 | D:1      | Found a snail-covered altar of Cheibriados.
  1243 | D:2      | Reached skill level 3 in Stealth
  1303 | D:2      | Noticed Robin
  1308 | D:2      | Gained mutation: Your flesh is cold resistant. (rC+)
                  | [demonic ancestry]
  1308 | D:2      | Reached XP level 3. HP: 25/27 MP: 3/3
  1313 | D:2      | HP: 2/27 [goblin/+0 dagger[Robin] (2)]
  1313 | D:2      | Slain by a hobgoblin

Vanquished Creatures
  An adder (D:2)
  A dart slug (D:1)
  4 goblins
  2 hobgoblins
  4 kobolds (D:1)
  2 bats (D:1)
  4 rats (D:1)
18 creatures vanquished.

Table legend: (Time is in decaauts)
 A = Elapsed time spent in this place.
 B = Non-inter-level travel time spent in this place.
 C = Inter-level travel time spent in this place.
 D = Time resting spent in this place.
 E = Time spent auto-exploring this place.
 F = Levels seen in this place.
 G = Mean time per level.
                   A        B        C        D        E       F      G
               +--------+--------+--------+--------+--------+-----+--------+
         Total |   1330 |   1319 |     11 |    452 |    696 |   2 |  665.0 |
       Dungeon |   1330 |   1319 |     11 |    452 |    696 |   2 |  665.0 |
               +--------+--------+--------+--------+--------+-----+--------+

Top non-repeatable levels by time:
     D:1: 1190 daAuts
     D:2: 140 daAuts

Table legend:
 A = Non-vault XP
 B = Vault XP
 C = Vault XP percentage of total XP
 D = Non-vault monster count
 E = Vault monster count
 F = Vault count percentage of total count
                 A         B        C        D         E       F
            +---------+---------+-------+---------+---------+-------
      Total |      36 |       6 |  14.3 |      15 |       3 |  16.7
            +---------+---------+-------+---------+---------+-------
        D:1 |      22 |       0 |   0.0 |      14 |       0 |   0.0
        D:2 |      14 |       6 |  30.0 |       1 |       3 |  75.0
            +---------+---------+-------+---------+---------+-------
